 Dungeon Crawl Stone Soup version 0.31-a0-795-g5eb97db20b (webtiles) character file.

Game seed: 15953724396864877365

4473924 avis the Shapeless Cat (level 27, 134/134 HPs)
             Began as a Felid Shapeshifter on Sept 9, 2023.
             Was the Champion of Jiyva.
             Escaped with the Orb
             ... and 7 runes on Sept 19, 2023!
             The game lasted 12:45:55 (92054 turns).

avis the Shapeless Cat (Felid Shapeshifter)        Turns: 92054, Time: 12:45:55

Health: 134/134    AC: 15    Str: 15    XL:     27
Magic:  48/48      EV: 82    Int: 11    God:    Jiyva [******]
Gold:   2118       SH:  5    Dex: 30    Spells: 24/66 levels left
                                        Lives:  1   Deaths: 10

rFire   + +          .
                       - Unarmed
rCold   x x .        (shield unavailable)
rNeg    . . .        (body armour unavailable)
rPois   ∞            (helmet unavailable)
rElec   +            (cloak unavailable)
rCorr   +            (gloves unavailable)
SInv    +            (boots unavailable)
Will    +++++        g - amulet of Dalew {Reflect rElec Regen+ SH+5}
Stlth   +            V - ring "Uwep Ata" {Fire Will++ rCorr Dex+4}
HPRegen 4.42/turn    I - ring "Nuicydup" {Fire rCorr Str+3 Stlth-}
MPRegen 0.81/turn

%: random rage (3%), reflection
@: storm-form, flying, studying 3 skills
A: cleaving, insubstantial, flying, very small, (claws 1), (fangs 3), see
invisible, (speed 1), (shaggy fur 3), (stealthy paws), no weapons or thrown
items, no armour, multi-lived, (horns 3), (iridescent scales 3), berserk 1,
deterioration 1, dopey 1, frail 1, strong-willed 1, regeneration 2, screaming 1,
wild magic 3, (gelatinous body 1), (jelly sensing items), (jelly absorbing
missiles), inability to drink after injury 1, inability to read after injury 1,
MP-powered wands
0: Orb of Zot
}: 7/15 runes: decaying, serpentine, slimy, silver, abyssal, demonic, glowing
a: Blinkbolt, Begin Untransformation, Renounce Religion, Oozemancy, Slimify


You escaped.
You worshipped Jiyva.
Jiyva was exalted by your worship.
You were a lightning-filled tempest!
You visited 13 branches of the dungeon, and saw 58 of its levels.
You visited Pandemonium 1 time, and saw 11 of its levels.
You visited the Abyss 3 times.
You visited 1 bazaar.
You also visited: Trove, Ossuary, Bailey, Gauntlet and Volcano.

You collected 23012 gold pieces.
You spent 13630 gold pieces at shops.
You paid 7264 gold pieces to Gozag.

Inventory:

Jewellery
 a - a ring of resist corrosion
 g - the amulet of Dalew (around neck) {Reflect rElec Regen+ SH+5}
   (You found it on level 5 of the Pits of Slime)

   [amulet of reflection]

   Reflect:   It reflects blocked missile attacks.
   rElec:     It insulates you from electricity.
   Regen+:    It increases your rate of health regeneration.
   SH+5:      It affects your SH (+5).
 A - a ring of protection from cold
 I - the ring "Nuicydup" (right paw) {Fire rCorr Str+3 Stlth-}
   (You took it off a deep elf demonologist on level 3 of the Elven Halls)

   [ring of fire]

   Fire:      It enhances your fire magic.
   Str+3:     It affects your strength (+3).
   rF+:       It protects you from fire.
   rC-:       It makes you vulnerable to cold.
   rCorr:     It protects you from acid and corrosion.
   Stlth-:    It makes you less stealthy.
 U - the amulet of Tomorrow {Faith rPois Int+3}
   (You found it on level 3 of the Elven Halls)

   [amulet of faith]

   Faith:     It allows you to gain divine favour quickly.
   Int+3:     It affects your intelligence (+3).
   rPois:     It protects you from poison
 V - the ring "Uwep Ata" (left paw) {Fire Will++ rCorr Dex+4}
   (You found it on level 5 of the Pits of Slime)

   [ring of fire]

   Fire:      It enhances your fire magic.
   Dex+4:     It affects your dexterity (+4).
   rF+:       It protects you from fire.
   rC-:       It makes you vulnerable to cold.
   Will++:    It greatly increases your willpower.
   rCorr:     It protects you from acid and corrosion.
 Y - the ring of Greater Demons {Will+ Str+6}
   (You found it on level 3 of the Elven Halls)

   [ring of strength]

   Str+6:     It affects your strength (+6).
   Will+:     It increases your willpower.
Talismans
 O - a granite talisman
 S - a storm talisman (active)
 X - a talisman of death
Wands
 e - a wand of polymorph (35)
 h - a wand of digging (31)
 m - a wand of paralysis (59)
 p - a wand of flame (109)
 z - a wand of mindburst (36)
 J - a wand of roots (64)
 W - a wand of quicksilver (17)
Scrolls
 b - 5 scrolls of poison
 f - 7 scrolls of fog
 j - 3 scrolls of noise
 k - 8 scrolls of butterflies
 q - 5 scrolls of torment
 y - 24 scrolls of teleportation
 B - 13 scrolls of fear
 D - 5 scrolls of blinking
 E - 5 scrolls of silence
 Q - 9 scrolls of immolation
 T - a scroll of revelation
 Z - 10 scrolls of amnesia
Potions
 c - a potion of mutation
 d - 11 potions of ambrosia
 i - 2 potions of cancellation
 n - 7 potions of magic
 o - 16 potions of enlightenment
 r - 10 potions of might
 t - 8 potions of berserk rage
 v - 5 potions of invisibility
 w - 8 potions of resistance
 x - 13 potions of brilliance
 H - 4 potions of haste
 N - 3 potions of heal wounds
 P - 19 potions of curing
 R - 2 potions of lignification
Miscellaneous
 l - a phial of floods
 u - a lightning rod (4/4)
 L - a box of beasts
 M - a condenser vane


   Skills:
 O Level 27 Fighting
 O Level 27 Dodging
 O Level 27 Unarmed Combat
 - Level 20.0 Spellcasting
 - Level 23.0 Translocations
 - Level 6.0 Transmutations
 - Level 6.4 Fire Magic
 * Level 2.8 Air Magic
 - Level 10.0 Invocations
 - Level 10.0 Evocations
 O Level 27 Shapeshifting


You had 24 spell levels left.
You knew the following spells:

 Your Spells              Type           Power      Damage    Failure   Level
a - Passwall              Tmut/Erth      27%        N/A       10%         2
b - Blink                 Tloc           100%       N/A       1%          2
c - Lee's Rapid Deconstr  Erth           10%        3d8*      92%         5
e - Teleport Other        Tloc           87%        N/A       1%          3
l - Wereblood             Tmut           45%        N/A       4%          2
m - Manifold Assault      Tloc           87%        N/A       1%          4
p - Passage of Golubria   Tloc           87%        N/A       1%          4
v - Vhi's Electric Charg  Tloc/Air       100%       N/A       3%          4
I - Ignition              Fire           41%        3d12      100%        8
M - Maxwell's Capacitive  Air            16%        ∞         100%        8

Your spell library contained the following spells:

 Spells                   Type           Power      Damage    Failure   Level
 Lesser Beckoning         Tloc           100%       N/A       1%          2
 Momentum Strike          Conj/Tloc      100%       3d10      1%          2
 Gell's Gravitas          Tloc           87%        N/A       1%          3
 Volatile Blastmotes      Fire/Tloc      100%       2d18      1%          3
 Dispersal                Tloc           43%        N/A       1%          6
 Iskenderun's Mystic Bla  Conj/Tloc      62%        2d13      4%          4
 Foxfire                  Conj/Fire      100%       2x1d9     8%          1
 Disjunction              Tloc           43%        N/A       11%         8
 Shock                    Conj/Air       100%       1d9       12%         1
 Ignite Poison            Fire/Tmut/Pois 72%        N/A       12%         3
 Static Discharge         Conj/Air       52%        2-5/arc   16%         2
 Swiftness                Air            32%        N/A       16%         3
 Kiss of Death            Conj/Necr      80%        2d11      17%         1
 Magic Dart               Conj           80%        1d7       17%         1
 Necrotise                Necr           80%        1d8       17%         1
 Sandblast                Erth           40%        2d10      17%         1
 Cigotuvi's Dreadful Rot  Necr/Pois/Air  48%        N/A       17%         2
 Call Imp                 Summ           40%        N/A       22%         2
 Ensorcelled Hibernation  Hex/Ice        40%        N/A       22%         2
 Searing Ray              Conj           40%        2d5       22%         2
 Sticky Flame             Conj/Fire      67%        2d8       32%         4
 Confusing Touch          Hex            20%        N/A       36%         3
 Dazzling Flash           Conj/Hex       40%        N/A       36%         3
 Ozocubu's Armour         Ice            20%        N/A       36%         3
 Sigil of Binding         Hex            20%        N/A       36%         3
 Stone Arrow              Conj/Erth      40%        3d9       36%         3
 Tukima's Dance           Hex            20%        N/A       36%         3
 Vampiric Draining        Necr           20%        2d7       36%         3
 Airstrike                Air            16%        2d(3-19)  36%         4
 Summon Lightning Spire   Summ/Air       26%        N/A       52%         4
 Fireball                 Conj/Fire      33%        3d14      61%         5
 Yara's Violent Unravell  Hex/Tmut       16%        3d8       63%         5
 Animate Dead             Necr           20%        N/A       67%         4
 Brom's Barrelling Bould  Conj/Erth      20%        2d4       67%         4
 Dispel Undead            Necr           20%        3d11      67%         4
 Fulminant Prism          Conj/Hex       10%        3d9       67%         4
 Leda's Liquefaction      Hex/Erth       10%        N/A       67%         4
 Olgreb's Toxic Radiance  Pois           20%        N/A       67%         4
 Arcjolt                  Conj/Air       13%        1d23      82%         5
 Plasma Beam              Fire/Air       37%        2x1d50    89%         6
 Agony                    Necr           20%        N/A       92%         5
 Borgnjor's Vile Clutch   Necr/Erth      10%        N/A       92%         5
 Iskenderun's Battlesphe  Conj           20%        2d7       92%         5
 Metabolic Englaciation   Hex/Ice        10%        N/A       92%         5
 Conjure Ball Lightning   Conj/Air       13%        3x3d6     100%        6
 Death Channel            Necr           10%        N/A       100%        6
 Leda's Unmaking          Conj/Erth      10%        9d2       100%        6
 Simulacrum               Ice/Necr       10%        N/A       100%        6
 Summon Cactus Giant      Summ           10%        N/A       100%        6
 Orb of Destruction       Conj           10%        9d6       100%        7
 Ozocubu's Refrigeration  Ice            10%        4d9       100%        7
 Spellforged Servitor     Conj/Summ      10%        N/A       100%        7
 Summon Hydra             Summ           10%        N/A       100%        7
 Discord                  Hex            10%        N/A       100%        8
 Lehudib's Crystal Spear  Conj/Erth      10%        10d4      100%        8
 Summon Horrible Things   Summ           10%        N/A       100%        8
 Polar Vortex             Ice            10%        12d1*     100%        9
 Shatter                  Erth           10%        3d11*     100%        9
 Sublimation of Blood     Necr           Unusable   N/A       N/A         2
 Animate Armour           Summ/Erth      Unusable   N/A       N/A         4

Dungeon Overview and Level Annotations

Branches:
Dungeon (15/15)            Temple (1/1) D:7            Lair (5/5) D:11
  Swamp (4/4) Lair:2        Snake (4/4) Lair:3        Slime (5/5) Lair:5
    Orc (2/2) D:9             Elf (3/3) Orc:2        Vaults (5/5) D:14
  Crypt (3/3) Vaults:2       Tomb (2/3) Crypt:3      Depths (4/4) D:15
    Zot (5/5) Depths:4    Ossuary (visited)          Bailey (visited)
Volcano (visited)         Gauntlet (visited)

Altars:
Ashenzari
Cheibriados
Dithmenos
Elyvilon
Fedhas
Gozag
Hepliaklqana
Kikubaaqudgha
Makhleb
Nemelex Xobeh
Okawaru
Qazlal
Ru
Sif Muna
Trog
Uskayaw
Vehumet
Wu Jian
Xom
Yredelemnul
Zin
The Shining One
Jiyva

Shops:
D:4 **   Orc:2 (*[:=   Lair:1 **   Lair:5 =   Snake:2 [   Snake:3 [
Vaults:2 =   Vaults:4 *   Vaults:5 =(   Depths:1 *   Depths:2 *!

Portals:
Hell: Depths:1 Depths:2 Depths:3 Depths:4
Abyss: Depths:3
Pandemonium: Depths:2
Ziggurat: Depths:4

Annotations:
Slime:3 Dissolution
Slime:5 Royal Jelly


Innate Abilities, Weirdness & Mutations

You are a lightning-filled tempest!
Your electrical attacks strike out in all directions at once.
You are incredibly evasive.
Your insubstantial body is immune to petrification, constriction, and being set on fire You are flying.
You are immune to poison.
((You have sharp claws.))
((You have razor-sharp teeth.))
You have supernaturally acute eyesight. (SInv)
((You cover ground quickly. (Speed+)))
((Your thick and shaggy fur keeps you warm. (AC +3, rC+)))
((Your paws help you pounce on unaware monsters.))
You are incapable of wielding weapons or throwing items.
You cannot wear armour.
You gain extra lives every three experience levels.
((You have a pair of large horns on your head.))
((You are completely covered in iridescent scales. (AC +6)))
You sometimes lose your temper in combat.
Your body sometimes deteriorates upon taking damage.
You are dopey. (Int -2)
You are frail. (-10% HP)
You are strong-willed. (Will+)
You heal very quickly.
You occasionally shout uncontrollably at your foes.
Your spells are much harder to cast, but much more powerful.
((Your rubbery body absorbs attacks. (AC +1, EV +1)))
((You have a small jelly attached to you that senses nearby items.))
((You have a small jelly attached to you that may absorb projectiles.))
You occasionally lose the ability to drink potions when taking damage.
You occasionally lose the ability to read scrolls when taking damage.
You expend magic power (3 MP) to strengthen your wands.


Message History

You batter Exuahazu!!
Exuahazu is lightly wounded.
You hit the orange demon but do no damage.
You blast the rust devil!!!
You kill the rust devil!
Exuahazu gestures at you. The bolt of lightning misses you.
The orange demon completely misses you. x2
You blast Exuahazu!!!
Your punch misses Exuahazu.
Exuahazu is severely wounded.
You batter the orange demon!! You closely miss Exuahazu.
You punch Exuahazu, but do no damage.
Exuahazu is severely wounded.
You hit the orange demon but do no damage.
Exuahazu hits you!
The orange demon completely misses you. x2
You blast Exuahazu!!!
Exuahazu is almost dead.
You blast the orange demon!!!
You kill the orange demon!
You blast Exuahazu!!!!
You kill Exuahazu!
HP restored.
A blizzard demon comes into view.
The blizzard demon gestures at you.
There is an escape hatch in the ceiling here.
You are engulfed in freezing vapours.
A mysterious force pulls you upwards. The hatch slams shut behind you.
HP restored.
There is an escape hatch in the ceiling here.
A mysterious force pulls you upwards. The hatch slams shut behind you.
A great orb of eyes comes into view.
The great orb of eyes stares at you suspiciously for a moment, then relaxes.
You hear a slurping noise.
As you open the door, it creaks loudly!
You swap places.
You hear a slurping noise.
There is an open door here.
You hear a distant slurping noise.
You hear a distant slurping noise.
There is a staircase leading out of the dungeon here.
You have escaped!

#........###'###.........##
#....##..#8...8#..##......##
#...####.##.#.##.####......##
#....##..#8.#.8#..##...).....
#........##.#.##.............
#.########8...8########.(G...
#.#8#8#8#8#...#8#8#8#8#......
##.#...................#......
#..+.#####...v...#####.'......
#..#...................#......
#..#8#8#8#8#...#8#8#8#8#......
#..########8..(8########......
#.........##.#.##.............
#.....##..#8.#.8#..##.....####
#....####.##.#.##.####......##
#.....##..#8...8#..##.........
#.........###+###........#.#.#


There were no monsters in sight!

Vanquished Creatures
  8 dread liches
  Tiamat (Zot:3)
  Mnoleg (Pan)
  6 orbs of fire (Zot:5)
  5 ancient liches
  A juggernaut (Abyss:3)
  A royal mummy (Tomb:1)
  12 pandemonium lords
  Vv (Crypt:1)
  3 Killer Klowns (Zot:5)
  Frederick (Crypt:1)
  The ghost of Gucom the Epochal, a veteran GnFi of Cheibriados (Depths:2)
  Margery (Crypt:3)
  Saint Roka (Vaults:3)
  3 curse toes
  The ghost of Plog the Warrior, an adept DgCj (Depths:1)
  8 golden dragons
  5 bone dragons
  The ghost of Qecvurom the Warrior, an adept DrRe of Fedhas (Vaults:2)
  The ghost of Waukhla the Imperceptible, a veteran KoBr of Wu Jian (Crypt:2)
  Norris (Elf:2)
  3 doom hounds (Crypt:1)
  Zenata (Elf:2)
  2 Tzitzimimeh
  Rupert (Lair:5)
  5 Brimstone Fiends (Pan)
  A hellephant (Abyss:1)
  10 liches
  3 Ice Fiends (Pan)
  22 tentacled monstrosities
  8 electric golems
  27 Orb Guardians
  16 Hell Sentinels
  2 deep elf blademasters (Elf:3)
  A titan (Vaults:5)
  12 sphinxes
  9 death cobs
  8 Executioners
  5 quicksilver dragons
  2 deep elf master archers (Elf:3)
  Frances (Snake:2)
  Grunn (Crypt:1)
  9 ancient champions
  18 tentacled starspawn
  18 storm dragons
  The ghost of Pooter the Executioner, an adept MiBe of Trog (Elf:1)
  A thorn hunter (Swamp:3)
  7 revenants
  5 shadow dragons
  4 tengu reavers
  7 demonspawn warmongers (Pan)
  Aizul (Snake:2)
  13 nagarajas (Snake:4)
  6 draconian knights
  9 fire giants
  A fenstrider witch (Swamp:2)
  7 draconian monks
  Roxanne (D:15)
  20 vault wardens
  4 ghost moths
  9 frost giants
  2 iron dragons (Vaults:4)
  3 curse skulls
  6 deep elf sorcerers
  2 juggernaut zombies
  5 draconian scorchers
  13 balrugs
  2 caustic shrike zombies (D:15)
  28 cacodemons
  8 draconian shifters
  An orc warlord (Vaults:2)
  3 deep elf elementalists (Elf:3)
  7 ghouls
  2 angels
  2 spriggan defenders (Depths:1)
  18 reapers
  17 draconian annihilators
  A quicksilver ooze (shapeshifter) (Vaults:5)
  A war gargoyle (Vaults:2)
  10 demonspawn corrupters (Pan)
  11 ironbound preservers
  11 stone giants
  7 draconian stormcallers
  20 very ugly things
  13 demonspawn blood saints (Pan)
  A caustic shrike skeleton (D:15)
  21 green draconians
  15 demonspawn black suns (Pan)
  6 ironbound thunderhulks
  A formless jellyfish (Vaults:3)
  A juggernaut skeleton (Abyss:2)
  3 ophanim
  8 vampire knights
  14 black draconians
  15 red draconians
  4 eleionomae
  6 deep elf demonologists
  19 purple draconians
  16 white draconians
  11 dire elephants
  3 bunyips
  19 lorocyprocas
  A minotaur (Vaults:2)
  Azrael (Snake:2)
  4 spark wasps (Depths:4)
  9 yellow draconians
  Snorg (Orc:2)
  6 deep elf annihilators (Elf:3)
  2 eidola (Crypt:3)
  19 blizzard demons
  15 ettins
  8 deep elf death magi
  A spectral quicksilver dragon (Crypt:2)
  2 quicksilver dragon zombies
  2 merfolk javelineers (Vaults:2)
  15 green deaths
  4 mummy priests (Tomb:1)
  8 fire dragons
  2 shambling mangroves (Swamp:3)
  12 jiangshi
  4 great orbs of eyes
  3 deep elf high priests
  A spectral spriggan (Crypt:2)
  13 yaktaur captains
  8 rakshasas
  Josephine (Lair:5)
  Erolcha (D:9)
  Harold (D:9)
  A peacekeeper (Vaults:2)
  31 vault guards
  A quicksilver dragon skeleton (Depths:2)
  3 salamander tyrants
  A hydra (shapeshifter) (D:14)
  9 hell beasts
  2 spriggan skeletons
  9 ironbound frosthearts
  A caustic shrike simulacrum (Abyss:2)
  22 hydras
  2 ogre magi
  A fenstrider witch zombie (Tomb:1)
  4 spriggan air magi
  6 ice dragons
  3 two-headed ogres
  A sphinx zombie (Depths:2)
  8 centaur warriors
  6 anacondas
  10 alligators
  A sphinx skeleton (Crypt:2)
  A death knight (D:13)
  A fenstrider witch skeleton (Crypt:3)
  7 boulder beetles
  5 tengu warriors
  5 death yaks
  22 naga warriors
  33 dancing weapons
  8 deep troll shamans
  7 spriggan berserkers
  9 deep troll earth magi
  21 death scarabs
  11 demonic crawlers
  A hell hog (Abyss:2)
  A titan zombie (Vaults:3)
  7 vampire magi
  5 orc high priests
  55 sun demons
  33 soul eaters
  13 thrashing horrors
  16 deep elf knights
  3 hell knights (Crypt:3)
  11 naga sharpshooters
  10 shock serpents
  2 fire crabs (Swamp:4)
  A spectral bunyip (Crypt:2)
  A spatial maelstrom (Abyss:2)
  57 skeletal warriors
  4 skysharks
  6 shadow wraiths
  11 iron trolls
  2 titan skeletons (Crypt:3)
  20 wretched stars
  30 sixfirhies
  A spectral anaconda (Lair:5)
  4 glowing orange brains
  35 deep trolls
  2 spectral death yaks (Lair:5)
  9 flayed ghosts
  5 salamander mystics
  13 shadow demons
  A golden dragon zombie (Depths:2)
  2 cherubim (Abyss:3)
  5 spriggan druids
  3 naga ritualists
  A death drake (Abyss:3)
  2 bunyip skeletons
  2 golden dragon skeletons (Depths:2)
  3 goliath frogs
  An orb spider (Abyss:2)
  A glowing orange brain (shapeshifter) (Vaults:4)
  17 ironbound convokers
  10 bog bodies
  14 deep elf archers
  A spriggan simulacrum (Crypt:2)
  10 swamp dragons
  An obsidian statue (Lair:5)
  A fenstrider witch simulacrum (Crypt:2)
  11 lindwurms
  7 phantasmal warriors
  8 wizards
  A tengu zombie (Vaults:1)
  An anaconda skeleton (Crypt:3)
  37 deep elf zephyrmancers
  10 orc knights
  A sphinx simulacrum (Vaults:4)
  15 necromancers
  26 ugly things
  105 starcursed masses
  A wolf spider (Vaults:4)
  5 mana vipers
  7 orc sorcerers
  A fire giant zombie (Depths:2)
  An oklob plant (Gauntlet)
  8 will-o-the-wisps
  A mana viper (shapeshifter) (Abyss:2)
  A spectral ettin (Crypt:2)
  33 deep elf pyromancers
  6 manticores
  7 worldbinders
  22 salamanders
  2 cyclopes
  20 moths of wrath
  9 guardian serpents
  A salamander (shapeshifter) (D:15)
  4 stone giant zombies
  A fire giant skeleton (Depths:2)
  A dire elephant zombie (Abyss:1)
  12 elephants
  4 apocalypse crabs
  A centaur zombie (Abyss:2)
  18 naga magi
  69 smoke demons
  28 black mambas
  An iron dragon skeleton (Crypt:3)
  Joseph (D:7)
  15 vault sentinels
  3 gargoyles
  7 rust devils
  A cane toad (shapeshifter) (Vaults:4)
  Jeremiah (D:7)
  4 centaur skeletons
  2 stone giant skeletons
  An elephant slug zombie (Crypt:3)
  2 spriggan zombies
  10 hellions (Pan)
  2 kobold demonologists (D:12)
  16 cane toads
  36 orange demons
  3 yaktaur zombies
  Psyche (D:8)
  2 dire elephant skeletons
  An unseen horror (shapeshifter) (D:14)
  A swamp worm zombie (Crypt:2)
  An alligator snapping turtle skeleton (Crypt:3)
  A freezing wraith (Abyss:1)
  19 tormentors
  A bunyip simulacrum (Crypt:2)
  2 rime drakes
  6 komodo dragons
  An iron giant simulacrum (Crypt:2)
  10 guardian mummies
  7 ice devils
  An anaconda simulacrum (Crypt:2)
  2 efreet
  A minotaur zombie (Crypt:2)
  40 yaktaurs
  14 ancient zymes
  A black draconian skeleton (Crypt:2)
  A grey draconian skeleton (Crypt:1)
  A tengu conjurer (D:14)
  A catoblepas skeleton (Tomb:1)
  A white draconian skeleton (Crypt:3)
  A red draconian skeleton (Crypt:1)
  2 harpy zombies
  7 trolls
  2 red devils (Pan)
  A polar bear (shapeshifter) (Vaults:5)
  22 hornets
  A queen bee (Gauntlet)
  27 blink frogs
  11 tyrant leeches
  A merfolk (shapeshifter) (Vaults:5)
  21 hellwings
  3 polar bears
  A wolf spider simulacrum (D:14)
  2 hydra skeletons (Crypt:3)
  6 harpy skeletons
  A culicivora zombie (Crypt:3)
  44 raiju
  A spectral elephant (Lair:5)
  A tarantella zombie (Crypt:2)
  100 large abominations
  An ettin zombie (Vaults:2)
  A stone giant simulacrum (Crypt:2)
  54 flying skulls
  Sigmund (D:4)
  24 slime creatures
  2 vampires (Abyss:2)
  A guardian serpent skeleton (Crypt:1)
  2 shadows
  6 water elementals
  3 wyverns
  A slime creature (shapeshifter) (Vaults:4)
  An ettin skeleton (Crypt:3)
  4 air elementals
  A naga simulacrum (Abyss:2)
  28 spriggans
  3 black mamba skeletons
  2 dire elephant simulacra (Lair:5)
  17 wraiths
  55 ynoxinuls
  24 yaks
  5 fire elementals
  13 fire bats
  5 steam dragons
  4 basilisks
  48 chaos spawn
  43 neqoxecs
  6 vampire mosquitoes
  A yaktaur simulacrum (Vaults:1)
  2 harpy simulacra
  Edmund (D:3)
  4 wargs
  A spectral cane toad (Lair:5)
  15 swamp worms
  A swamp worm (shapeshifter) (D:14)
  An acid dragon (Gauntlet)
  6 hell hounds
  A spatial vortex (Abyss:2)
  2 glowing shapeshifter zombies (Depths:2)
  20 water moccasins
  A deep troll skeleton (Crypt:1)
  A demonspawn skeleton (Crypt:3)
  54 nagas
  A glowing shapeshifter skeleton (Depths:2)
  2 naga skeletons
  A floating eye (shapeshifter) (Vaults:4)
  2 sky beasts
  25 orc warriors
  7 swamp drakes (Swamp:4)
  3 ice beasts
  3 black bears
  A deep troll simulacrum (Vaults:1)
  3 black mamba simulacra
  A manticore zombie (Crypt:1)
  6 boggarts
  15 wolves
  7 centaurs
  8 ogres
  2 phantoms
  5 elephant skeletons (Lair:5)
  Blork the orc (D:6)
  A manticore skeleton (Crypt:1)
  2 elf zombies
  2 kobold brigands
  12 bullfrogs
  5 earth elementals
  2 elf skeletons
  3 gnoll sergeants
  6 necrophages
  A wyvern zombie (Crypt:2)
  5 scorpions
  A draconian skeleton (Crypt:3)
  2 human simulacra
  56 small abominations
  6 jellies
  11 wights
  A raiju zombie (Crypt:3)
  19 killer bees
  An elephant simulacrum (Lair:5)
  A troll skeleton (Crypt:3)
  A warg skeleton (Crypt:2)
  3 howler monkeys
  A yak skeleton (Crypt:2)
  6 electric eels
  A crimson imp (Abyss:2)
  5 hounds
  3 human zombies
  4 lava snakes (Volcano)
  6 quasits
  18 orc priests
  7 iron imps
  5 human skeletons
  3 iguanas
  22 orc wizards
  A hound zombie (D:4)
  3 tengu skeletons
  37 mummies
  A howler monkey zombie (D:4)
  Robin (D:4)
  A howler monkey skeleton (Crypt:1)
  9 adders
  22 gnolls
  2 shadow imps (Abyss:1)
  13 white imps
  13 ufetubi
  2 adder zombies (D:4)
  A worm (D:2)
  A dart slug (D:5)
  78 orcs
  8 endoplasms
  A gnoll zombie (Ossuary)
  21 goblins
  10 hobgoblins
  4 quokkas
  7 ball pythons
  4 bats
  An endoplasm zombie (Crypt:2)
  4 frilled lizards
  2 goblin zombies (Ossuary)
  2 hobgoblin zombies (Ossuary)
  9 kobolds
  2 kobold zombies (Ossuary)
  2 orc skeletons (D:7)
  An orc zombie (Crypt:2)
  2 rats (D:2)
  A spectral goblin (D:10)
  2 butterflies (Lair:3)
  5 lurking horrors
  18 starspawn tentacles
3562 creatures vanquished.

Vanquished Creatures (collateral kills)
  An orb of fire (Zot:5)
  A Tzitzimitl (Pan)
  An Ice Fiend (Pan)
  A Hell Sentinel (Pan)
  An Orb Guardian (Zot:5)
  A draconian shifter (Zot:2)
  2 reapers (Pan)
  A purple draconian (Zot:1)
  A soul eater (Pan)
  2 smoke demons (Abyss:2)
  A rust devil (Pan)
  A tormentor (Pan)
  A hellwing (Pan)
  A starcursed mass (Abyss:2)
  3 ynoxinuls
  A small abomination (Abyss:2)
  A wight (Abyss:2)
21 creatures vanquished.

Vanquished Creatures (others)
  Jorgrun (Orc:1)
  2 eldritch tentacles (Pan)
  An Executioner (Pan)
  A vault warden (Vaults:5)
  An entropy weaver (Vaults:5)
  2 great orbs of eyes
  2 dancing weapons
  A deep elf knight (Elf:2)
  A goliath frog (Swamp:4)
  2 shining eyes (Pan)
  A shining eye (shapeshifter) (Abyss:1)
  A moth of wrath (Zot:4)
  A guardian serpent (Snake:4)
  A naga mage (Snake:4)
  3 smoke demons (Pan)
  A hellion (Pan)
  A yaktaur (Vaults:5)
  An ancient zyme (Abyss:2)
  4 bloated husks
  A large abomination (Pan)
  20 golden eyes
  5 neqoxecs
  A steam dragon (Swamp:4)
  A swamp worm (Swamp:4)
  3 floating eyes (Pan)
  A swamp drake (Swamp:4)
  A centaur (D:15)
  A small abomination (Abyss:1)
  A wight (D:10)
  287 jellies
  A quasit (Abyss:1)
  A human skeleton (Crypt:3)
  An orc wizard (Orc:2)
  3 mummies (Tomb:1)
  A swamp drake skeleton (Crypt:2)
  2 ufetubi (Abyss:1)
  36 foxfires
  2 lurking horrors
  32 starspawn tentacles
429 creatures vanquished.

Grand Total: 4012 creatures vanquished

Notes
Turn   | Place    | Note
-------+----------+-------------------------------------------
     0 | D:1      | avis the Felid Shapeshifter began the quest for the Orb.
     0 | D:1      | Reached XP level 1. HP: 9/9 MP: 2/2
   344 | D:1      | Reached XP level 2. HP: 13/13 MP: 3/3
   948 | D:2      | Found a faded altar of an unknown god.
  1123 | D:2      | Reached XP level 3. HP: 16/16 MP: 4/4
  2080 | D:4      | Noticed Edmund
  2196 | D:4      | Found a bloodstained altar of Trog.
  2261 | D:4      | HP: 1/24 [jelly (2)]
  2261 | D:4      | Splashed by a jelly's acid
  2266 | D:4      | Reached skill level 5 in Shapeshifting
  2266 | D:4      | Reached XP level 4. HP: 18/19 MP: 5/5
  2296 | D:4      | Found a blossoming altar of Fedhas.
  2301 | D:4      | Noticed a necrophage
  2302 | D:4      | Noticed a necrophage
  2303 | D:4      | Noticed a necrophage
  2521 | D:4      | Killed a necrophage
  2522 | D:4      | Reached XP level 5. HP: 24/24 MP: 6/6
  2564 | D:4      | Reached skill level 5 in Dodging
  2567 | D:4      | Gained mutation: You are covered in thick fur. (AC +2)
                  | [Felid growth]
  2567 | D:4      | Reached XP level 6. HP: 28/28 MP: 7/7
  2762 | D:4      | Found a stormy altar of Qazlal.
  2946 | D:4      | HP: 2/42 [poisoned by a scorpion]
  3196 | D:4      | Found an opulent altar of Gozag.
  3200 | D:4      | Found Gozag's Platinum Reserve.
  3212 | D:4      | Became a worshipper of Gozag Ym Sagoz the Greedy
  3292 | D:4      | Found Tuotaap's Overcharged Wands.
  3522 | D:4      | Noticed Robin
  3545 | D:4      | Killed Robin
  3862 | D:4      | Reached XP level 7. HP: 30/33 MP: 8/8
  3943 | D:5      | Entered Level 5 of the Dungeon
  4065 | D:5      | Found a burning altar of Makhleb.
  4085 | D:5      | Found an ancient bone altar of Kikubaaqudgha.
  4104 | D:5      | Reached skill level 5 in Fighting
  4176 | D:5      | Noticed Sigmund
  4888 | D:5      | Reached XP level 8. HP: 37/37 MP: 9/9
  5010 | D:6      | Noticed Blork the orc
  5175 | D:6      | Reached skill level 1 in Evocations
  5236 | D:6      | Killed Blork the orc
  5368 | D:6      | Found a sparkling altar of Nemelex Xobeh.
  6235 | D:4      | Killed Sigmund
  6236 | D:4      | Reached XP level 9. HP: 41/41 MP: 10/10
  6249 | D:4      | Bought a wand of mindburst (30) for 630 gold pieces
  6280 | D:3      | Killed Edmund
  6526 | D:6      | HP: 3/61 [killer bee (7)]
  6530 | D:6      | Slain by a killer bee
  6811 | D:7      | Found a staircase to the Ecumenical Temple.
  6814 | D:7      | Noticed Joseph
  6819 | D:7      | Killed Joseph
  6978 | D:7      | Found a sand-covered staircase.
  6991 | Ossuary  | Entered an ossuary
  7156 | Ossuary  | Reached skill level 10 in Dodging
  7499 | D:7      | Noticed Jeremiah
  7514 | D:7      | HP: 3/60 [Jeremiah/+4 trident of draining (5)]
  7516 | D:7      | Killed Jeremiah
  7715 | D:7      | Reached XP level 10. HP: 47/48 MP: 9/11
  7837 | Temple   | Entered the Ecumenical Temple
  8490 | D:8      | Found an ornate altar of the Wu Jian Council.
  8568 | D:8      | Noticed a gargoyle
  8572 | D:8      | Killed a gargoyle
  9056 | D:8      | Noticed Psyche
  9063 | D:8      | Killed Psyche
  9240 | D:8      | Reached skill level 10 in Shapeshifting
  9348 | D:8      | Upgraded the game from 0.31-a0-705-ga145531891 to
                  | 0.31-a0-716-gc7603755dd
  9354 | D:8      | Learned a level 2 spell: Passwall
  9497 | D:9      | Noticed Harold
  9698 | D:9      | Killed Harold
  9871 | D:9      | Found a flagged portal.
  9904 | Bailey   | Entered a bailey
 10215 | Bailey   | Noticed an orc knight
 10231 | Bailey   | Killed an orc knight
 10444 | D:9      | Found a staircase to the Orcish Mines.
 10472 | D:9      | Found a sacrificial altar of Ru.
 10722 | D:9      | Noticed a cyclops
 10740 | D:9      | Killed a cyclops
 10741 | D:9      | Reached XP level 11. HP: 16/52 MP: 3/12
 11515 | D:10     | Entered Level 10 of the Dungeon
 12185 | D:10     | Reached skill level 5 in Unarmed Combat
 12504 | D:10     | Found an iron altar of Okawaru.
 12785 | D:10     | Found a hazy altar of Hepliaklqana.
 12942 | D:10     | Found a shimmering blue altar of Sif Muna.
 13023 | D:10     | Noticed a two-headed ogre
 13034 | D:10     | Killed a two-headed ogre
 13187 | D:10     | Found a snail-covered altar of Cheibriados.
 13525 | D:11     | Noticed a boulder beetle
 13564 | D:11     | Killed a boulder beetle
 13565 | D:11     | Reached skill level 10 in Fighting
 13568 | D:11     | Found a gate leading to a gauntlet.
 13581 | Gauntlet | Entered a Gauntlet
 13581 | Gauntlet | Found a transporter.
 13581 | Gauntlet | Found a transporter.
 13581 | Gauntlet | Found a transporter.
 13585 | Gauntlet | Noticed a hell beast
 13589 | Gauntlet | Found a transporter.
 13589 | Gauntlet | Found a transporter.
 13594 | Gauntlet | Noticed an oklob plant
 13598 | Gauntlet | Found a transporter.
 13600 | Gauntlet | Found a transporter.
 13606 | Gauntlet | Found a transporter.
 13615 | Gauntlet | Found a transporter.
 13626 | Gauntlet | Noticed a catoblepas
 13631 | Gauntlet | Found a transporter.
 13653 | Gauntlet | Found a transporter.
 13678 | Gauntlet | Found a transporter.
 14069 | Gauntlet | Gained mutation: You occasionally lose the ability to read
                  | scrolls when taking damage. [a neqoxec]
 14106 | Gauntlet | Killed an oklob plant
 14217 | Gauntlet | Identified the ring "Zyotan" {Ice rElec}
 14217 | Gauntlet | Noticed a minotaur
 14230 | Gauntlet | Demolished by a minotaur
 14309 | Gauntlet | Identified the staff "Doeh" {rElec rPois Int+3 Dex-4
                  | Poison}
 14310 | Gauntlet | Got Lee's Almanac of Talus
 14426 | D:11     | You fall into a shaft and drop 3 floors!
 14435 | D:14     | an unseen horror changed into a fire crab
 14435 | D:14     | Noticed a fire crab (shapeshifter)
 14450 | D:13     | Noticed a four-headed hydra
 14457 | D:13     | Killed a four-headed hydra
 14596 | D:13     | Noticed a deep elf pyromancer
 14608 | D:13     | Killed a deep elf pyromancer
 15142 | D:11     | Found a staircase to the Lair.
 15489 | D:11     | Gained mutation: Your thick and shaggy fur keeps you warm.
                  | (AC +3, rC+) [Felid growth]
 15489 | D:11     | Reached XP level 12. HP: 61/61 MP: 13/13
 16009 | Lair:1   | Entered Level 1 of the Lair of Beasts
 17333 | D:4      | Bought a wand of mindburst (30) for 630 gold pieces
 17756 | Lair:2   | Noticed a four-headed hydra
 17770 | Lair:2   | Killed a four-headed hydra
 18116 | Lair:2   | Noticed a four-headed hydra
 18128 | Lair:2   | Killed a four-headed hydra
 18534 | Lair:2   | Reached skill level 15 in Shapeshifting
 18678 | Lair:2   | Identified the +0 cloak of Ignis's Respect {Harm rPois rN+
                  | Dex-3}
 18729 | Lair:2   | Found a staircase to the Swamp.
 19202 | Lair:3   | Found a dark tunnel.
 19214 | Volcano  | Entered a volcano
 19422 | Lair:3   | Reached XP level 13. HP: 64/64 MP: 14/14
 19462 | Lair:3   | Found a staircase to the Snake Pit.
 21168 | Lair:1   | Acquired a manual of Unarmed Combat
 21253 | Orc:1    | Entered Level 1 of the Orcish Mines
 21254 | Orc:1    | Noticed Erolcha
 21341 | D:9      | Killed Erolcha
 21408 | D:9      | Reached skill level 15 in Dodging
 21521 | Orc:2    | Entered Level 2 of the Orcish Mines
 22045 | Orc:2    | Found Rucoc's Armour Shoppe.
 22045 | Orc:2    | Found Lehezur's General Store.
 22052 | Orc:2    | Found Qoenigeh's Antique Weapon Boutique.
 22059 | Orc:2    | Found Wamp's Antique Armour Boutique.
 22209 | Orc:2    | Found a staircase to the Elven Halls.
 22389 | Orc:2    | Found Toilog's Jewellery Shop.
 22780 | Orc:1    | Noticed Snorg
 22801 | Orc:1    | Noticed Jorgrun
 22818 | Orc:2    | Killed Snorg
 22819 | Orc:2    | Reached XP level 14. HP: 23/72 MP: 4/15
 22996 | Orc:1    | HP: 2/93 [constriction (8)]
 23263 | Orc:1    | Killed Jorgrun
 23581 | Orc:2    | Bought a potion of heal wounds for 85 gold pieces
 23581 | Orc:2    | Bought a scroll of teleportation for 51 gold pieces
 23581 | Orc:2    | Bought a potion of resistance for 170 gold pieces
 23764 | Lair:5   | Entered Level 5 of the Lair of Beasts
 23919 | Lair:5   | Reached skill level 15 in Fighting
 24162 | Lair:5   | Noticed Josephine
 24168 | Lair:5   | Killed Josephine
 24256 | Lair:5   | Found a staircase to the Slime Pits.
 24256 | Lair:5   | Found a viscous altar of Jiyva.
 24461 | Lair:5   | Noticed Rupert
 24507 | Lair:5   | Reached skill level 10 in Unarmed Combat
 25371 | Lair:5   | Killed Rupert
 25865 | Lair:5   | Identified the +4 long sword "Xoticur" {venom, rF+ Int+5}
 26167 | Orc:2    | Bought a talisman of death for 1705 gold pieces
 26448 | Snake:1  | Entered Level 1 of the Snake Pit
 26886 | Snake:1  | Reached XP level 15. HP: 77/77 MP: 16/16
 27448 | Snake:1  | Reached skill level 15 in Unarmed Combat
 27651 | Orc:2    | Bought a blade talisman for 600 gold pieces
 27851 | Snake:2  | Noticed Frances
 27851 | Snake:2  | Found Liyhaine's Armour Shoppe.
 27883 | Snake:2  | Killed Frances
 28145 | Snake:2  | Noticed Azrael
 28157 | Snake:2  | Killed Azrael
 28395 | Snake:2  | Noticed Aizul
 28408 | Snake:2  | Killed Aizul
 28880 | Snake:2  | Learned a level 4 spell: Passage of Golubria
 29668 | D:12     | Reached skill level 1 in Translocations
 29755 | D:12     | Acquired a manual of Evocations
 30471 | D:13     | Noticed a tengu reaver
 30471 | D:13     | Noticed a storm dragon
 30476 | D:13     | Killed a storm dragon
 30484 | D:13     | Killed a tengu reaver
 30503 | D:13     | Got the Essays on Calefaction and Poisoning
 30536 | D:13     | Noticed a sphinx
 30545 | D:13     | Killed a sphinx
 30558 | D:13     | Got the Spellbook of Wounds
 31341 | D:14     | Found a gate to the Vaults.
 31752 | D:14     | Found a white marble altar of Elyvilon.
 31812 | D:15     | Entered Level 15 of the Dungeon
 31890 | D:14     | Reached XP level 16. HP: 81/81 MP: 17/17
 32009 | D:15     | Noticed Roxanne
 32030 | D:15     | Killed Roxanne
 32116 | D:15     | Found a staircase to the Depths.
 33941 | Snake:3  | Found Umniur's Armour Boutique.
 33941 | Snake:3  | Found Qataop's Assorted Antiques.
 35117 | Swamp:1  | Entered Level 1 of the Swamp
 35179 | Swamp:1  | Reached XP level 17. HP: 89/89 MP: 18/18
 35376 | Swamp:1  | Reached skill level 5 in Translocations
 35827 | Swamp:2  | Reached skill level 5 in Evocations
 36401 | Swamp:3  | Identified the +4 dagger of Exquisite Torment {holy, Will+
                  | Int+3}
 37059 | Swamp:4  | Entered Level 4 of the Swamp
 38037 | Swamp:4  | Got a decaying rune of Zot
 38712 | Lair:1   | Bought a scroll of blinking for 112 gold pieces
 38712 | Lair:1   | Bought a scroll of butterflies for 60 gold pieces
 38712 | Lair:1   | Bought a scroll of butterflies for 60 gold pieces
 38712 | Lair:1   | Bought a wand of digging (6) for 378 gold pieces
 38714 | Lair:1   | Bought a potion of berserk rage for 130 gold pieces
 38714 | Lair:1   | Bought a potion of haste for 260 gold pieces
 38714 | Lair:1   | Bought a scroll of blinking for 195 gold pieces
 38714 | Lair:1   | Bought a scroll of teleportation for 78 gold pieces
 38766 | Lair:5   | Bought a storm talisman for 2387 gold pieces
 38932 | Snake:4  | Entered Level 4 of the Snake Pit
 38932 | Snake:4  | Found a flickering gateway to a bazaar.
 38994 | Bazaar   | Entered a bazaar
 39071 | Bazaar   | Found Ceefiuq's Distillery.
 39075 | Bazaar   | Found Xonauruf's Book Boutique.
 39075 | Bazaar   | Found Atzouto's Weapon Boutique.
 39075 | Bazaar   | Found Dupnant's Antique Armour Boutique.
 39111 | Bazaar   | Bought a potion of berserk rage for 55 gold pieces
 39111 | Bazaar   | Bought a potion of heal wounds for 55 gold pieces
 39111 | Bazaar   | Bought 2 potions of curing for 66 gold pieces
 39111 | Bazaar   | Bought a potion of curing for 33 gold pieces
 39111 | Bazaar   | Bought a potion of might for 44 gold pieces
 39252 | Snake:3  | Reached XP level 18. HP: 94/94 MP: 15/19
 39276 | Snake:4  | Identified the +1 quarterstaff of the Blind Eye {freeze,
                  | rF+}
 39717 | Snake:4  | Slain by a nagaraja
 41379 | Snake:4  | Got a serpentine rune of Zot
 41813 | Elf:1    | Entered Level 1 of the Elven Halls
 42339 | Elf:1    | Found a runed translucent door.
 42340 | Elf:1    | Noticed Pooter's ghost (adept MiBe)
 42349 | Elf:1    | HP: 5/124 [Pooter's ghost (12)]
 42355 | Elf:1    | Killed Pooter's ghost
 43177 | Elf:2    | Noticed Zenata
 43518 | Elf:2    | Reached XP level 19. HP: 100/100 MP: 20/20
 43652 | Elf:2    | Found a runed translucent gate.
 43653 | Elf:2    | Found a runed translucent gate.
 43653 | Elf:2    | Found a runed translucent gate.
 43850 | Elf:2    | Noticed Norris
 43892 | Elf:2    | Killed Norris
 44175 | Elf:2    | HP: 3/196 [+4 battleaxe of freezing[Zenata] (12)]
 44175 | Elf:2    | Slain by a +4 battleaxe of freezing
 44431 | Lair:5   | Bought an amulet of regeneration for 630 gold pieces
 44567 | Lair:1   | Upgraded the game from 0.31-a0-716-gc7603755dd to
                  | 0.31-a0-744-gbc345e7fcb
 45196 | Elf:2    | HP: 2/131 [+2 vampiric halberd[Zenata] (9)]
 45517 | Vaults:1 | Entered Level 1 of the Vaults
 45670 | Vaults:1 | HP: 6/131 [ironbound frostheart/creeping frost[a vault
                  | warden] (28)]
 46505 | Vaults:1 | Identified the +0 scale mail of Modesty {Harm +Inv Regen+
                  | Int-5}
 47103 | Vaults:2 | Found a runed translucent gate.
 47103 | Vaults:2 | Found a runed translucent gate.
 47103 | Vaults:2 | Found a runed translucent gate.
 47200 | Vaults:2 | Found Ziuruf's Jewellery Emporium.
 47799 | Vaults:2 | Learned a level 2 spell: Passwall
 47847 | Vaults:2 | Found a staircase to the Crypt.
 47954 | Vaults:2 | Reached XP level 20. HP: 106/106 MP: 21/21
 47994 | Vaults:2 | Identified the staff "Grim" {rPois rCorr Str+2 SInv Poison}
 48136 | Vaults:2 | Noticed Qecvurom's ghost (adept DrRe)
 48138 | Vaults:2 | Found an iron altar of Okawaru.
 48161 | Vaults:2 | Killed Qecvurom's ghost
 48217 | Vaults:2 | Bought a ring of ice for 425 gold pieces
 48653 | Elf:2    | Killed Zenata
 48810 | Elf:3    | Entered Level 3 of the Elven Halls
 49298 | Elf:3    | Identified the ring "Nuicydup" {Fire rCorr Str+3 Stlth-}
 49771 | Elf:3    | Identified the +5 falchion of Piebbioc {flame, rF+}
 50035 | Elf:3    | Identified the amulet of Tomorrow {Faith rPois Int+3}
 50052 | Elf:3    | Got Toxoul's Anthology of the Charged Sphinx
 50059 | Elf:3    | Identified the staff "Joh Gyt" {rF++ Conj}
 50063 | Elf:3    | Identified the ring of Greater Demons {Will+ Str+6}
 50069 | Elf:3    | Identified the +9 shortbow of Diet Blood {freeze, rElec
                  | Will+ Int+2 Dex+6}
 50071 | Elf:3    | Identified the +0 helmet of Exclusion {rC+++}
 50327 | Elf:3    | Identified the +1 chain mail of the Trilobite {rN+ Int-2
                  | SInv}
 50785 | Depths:1 | Entered Level 1 of the Depths
 51340 | Depths:1 | Found a runed translucent gate.
 51340 | Depths:1 | Found a runed translucent gate.
 51340 | Depths:1 | Found a runed translucent gate.
 51340 | Depths:1 | Noticed Plog's ghost (adept DgCj)
 51465 | Depths:1 | Found Big Baal Hell's Store.
 51477 | Depths:1 | Found a gateway to Hell.
 51937 | Vaults:3 | Noticed Saint Roka
 51950 | Vaults:3 | Killed Saint Roka
 52541 | Vaults:3 | Learned a level 2 spell: Blink
 52792 | Vaults:3 | Reached XP level 21. HP: 113/113 MP: 22/22
 53253 | Vaults:3 | Found a portal to a secret trove of treasure.
 54191 | Lair:1   | Upgraded the game from 0.31-a0-744-gbc345e7fcb to
                  | 0.31-a0-750-gfe7b580527
 54323 | D:4      | Bought the +2 helmet of the Circus Animal {rF- rC+ SInv}
                  | for 2570 gold pieces
 54637 | Vaults:3 | You paid a toll of the helmet of the Circus Animal to enter
                  | a treasure trove
 54638 | Trove    | Entered a treasure trove
 54944 | Lair:1   | Upgraded the game from 0.31-a0-750-gfe7b580527 to
                  | 0.31-a0-765-g67fe2935dc
 56138 | Vaults:4 | Found Athit's General Store.
 56147 | Vaults:4 | Bought a potion of curing for 45 gold pieces
 56147 | Vaults:4 | Bought a potion of curing for 45 gold pieces
 56147 | Vaults:4 | Bought a potion of curing for 45 gold pieces
 56147 | Vaults:4 | Bought a wand of polymorph (3) for 63 gold pieces
 56147 | Vaults:4 | Bought a wand of roots (5) for 180 gold pieces
 56510 | Vaults:5 | Entered Level 5 of the Vaults
 56543 | Vaults:5 | Noticed an ancient lich
 56550 | Vaults:5 | Upgraded the game from 0.31-a0-765-g67fe2935dc to
                  | 0.31-a0-774-g0d66cbabe8
 56591 | Vaults:4 | HP: 5/114 [ancient lich/crystal spear (98)]
 56596 | Vaults:4 | Killed an ancient lich
 56921 | Vaults:5 | Gained mutation: Your magical capacity is low. (-10% MP) [a
                  | shining eye]
 56922 | Vaults:5 | Gained mutation: Your system is resistant to poisons.
                  | (rPois) [a shining eye]
 56965 | Vaults:5 | Identified the amulet of Caheilae {RegenMP Int+5 Dex+3}
 56992 | Vaults:5 | Noticed a dread lich
 57001 | Vaults:5 | Killed a dread lich
 57288 | Vaults:4 | Reached XP level 22. HP: 73/120 MP: 20/20
 57531 | Vaults:5 | Noticed a dread lich
 57628 | Vaults:4 | Killed a dread lich
 57713 | Vaults:5 | Shot with a bolt by a yaktaur captain
 57714 | Vaults:5 | Found Vekkolax's Weapon Shop.
 57977 | Vaults:5 | Got a silver rune of Zot
 58225 | Vaults:5 | Identified the +1 chain mail "Elaqeru" {rC+ Str+2}
 58719 | Vaults:5 | Learned a level 3 spell: Teleport Other
 58733 | Vaults:5 | Learned a level 4 spell: Vhi's Electric Charge
 58995 | Lair:1   | Lost mutation: Your system is resistant to poisons. (rPois)
                  | [potion of mutation]
 58995 | Lair:1   | Lost mutation: You occasionally lose the ability to read
                  | scrolls when taking damage. [potion of mutation]
 58995 | Lair:1   | Lost mutation: Your magical capacity is low. (-10% MP)
                  | [potion of mutation]
 58995 | Lair:1   | Gained mutation: Your muscles are strong. (Str +4, Int/Dex
                  | -1) [potion of mutation]
 58995 | Lair:1   | Gained mutation: You are agile. (Dex +4, Str/Int -1)
                  | [potion of mutation]
 59128 | D:4      | Bought a wand of roots (18) for 648 gold pieces
 59231 | Orc:2    | Bought a ring of magical power for 300 gold pieces
 59231 | Orc:2    | Bought an amulet of reflection for 450 gold pieces
 59438 | Lair:5   | Fell from the grace of Gozag
 59438 | Lair:5   | Became a worshipper of Jiyva Jyuwowo the Shapeless
 59441 | Slime:1  | Entered Level 1 of the Pits of Slime
 59621 | Slime:3  | Noticed Dissolution
 59645 | Slime:5  | Entered Level 5 of the Pits of Slime
 59665 | Slime:5  | Noticed the Royal Jelly
 59682 | Slime:5  | Found a viscous altar of Jiyva.
 59999 | Slime:5  | Found the +3 robe of Clouds {*Thunder rCloud rElec}
 60649 | Crypt:1  | Entered Level 1 of the Crypt
 60832 | Crypt:1  | Noticed Grunn
 60839 | Crypt:1  | Mangled by a doom hound
 60840 | Crypt:1  | Reached XP level 23. HP: 123/123 MP: 24/24
 60944 | Crypt:1  | Killed Grunn
 61066 | Crypt:1  | Noticed Frederick
 61069 | Crypt:1  | Killed Frederick
 61103 | Crypt:1  | Noticed Vv
 61115 | Crypt:1  | Killed Vv
 61568 | Crypt:2  | Reached * piety under Jiyva
 61856 | Crypt:2  | Found a runed translucent gate.
 61857 | Crypt:2  | Found a runed translucent gate.
 61857 | Crypt:2  | Found a runed translucent gate.
 61872 | Crypt:2  | Noticed Waukhla's ghost (veteran KoBr)
 61912 | Crypt:2  | Killed Waukhla's ghost
 62048 | Crypt:3  | Entered Level 3 of the Crypt
 62107 | Crypt:3  | Noticed a dread lich
 62114 | Crypt:3  | Killed a dread lich
 62240 | Crypt:3  | Noticed Margery
 62245 | Crypt:3  | Killed Margery
 62274 | Crypt:3  | Reached XP level 24. HP: 109/128 MP: 24/24
 62296 | Crypt:3  | Noticed a dread lich
 62304 | Crypt:3  | Killed a dread lich
 62353 | Crypt:3  | Found a basalt altar of Yredelemnul.
 62395 | Crypt:3  | Reached ** piety under Jiyva
 62415 | Crypt:3  | Reached skill level 10 in Translocations
 62432 | Crypt:3  | Identified the staff "Gusaiterye" {rElec rN++ Air}
 62480 | Crypt:3  | Got a faded book
 62483 | Crypt:3  | Identified the +5 double sword "Zaptuena" {freeze, Fly
                  | rCorr Str+4}
 63090 | Crypt:3  | Found a basalt altar of Yredelemnul.
 63216 | Crypt:3  | Found a staircase to the Tomb.
 63417 | Tomb:1   | Entered Level 1 of the Tomb of the Ancients
 63454 | Tomb:1   | Reached *** piety under Jiyva
 63753 | Tomb:1   | HP: 3/128 [death scarab (11)]
 63754 | Tomb:1   | Mangled by a death scarab
 63984 | Tomb:1   | Noticed a royal mummy
 64001 | Tomb:1   | Killed a royal mummy
 64713 | Tomb:2   | Noticed a royal mummy
 64713 | Tomb:2   | Noticed a royal mummy
 64723 | Tomb:2   | Noticed a royal mummy
 64742 | Tomb:2   | Noticed a royal mummy
 64750 | Tomb:2   | Noticed a royal mummy
 65171 | Depths:1 | Killed Plog's ghost
 65300 | Depths:2 | Found a one-way gate leading to the halls of Pandemonium.
 65316 | Depths:2 | Reached skill level 1 in Invocations
 65337 | Depths:2 | Reached **** piety under Jiyva
 65561 | Depths:2 | Gained mutation: Your spells are a little harder to cast,
                  | but a little more powerful. [Jiyva's grace]
 65561 | Depths:2 | Gained mutation: Your spells are harder to cast, but more
                  | powerful. [Jiyva's grace]
 65561 | Depths:2 | Gained mutation: Your spells are much harder to cast, but
                  | much more powerful. [Jiyva's grace]
 65561 | Depths:2 | Gained mutation: Your translucent skin slightly reduces
                  | your foes' accuracy. (Stealth+) [Jiyva's grace]
 65659 | Depths:2 | Found an ancient bone altar of Kikubaaqudgha.
 65697 | Depths:2 | Reached skill level 5 in Invocations
 65712 | Depths:2 | Found a stormy altar of Qazlal.
 65766 | Depths:2 | Reached XP level 25. HP: 133/133 MP: 27/27
 65870 | Depths:2 | Was forgiven by Gozag
 65930 | Depths:2 | Found a runed translucent gate.
 65930 | Depths:2 | Found a runed translucent gate.
 65931 | Depths:2 | Found a runed translucent gate.
 65933 | Depths:2 | Noticed Gucom's ghost (veteran GnFi)
 65946 | Depths:2 | Killed Gucom's ghost
 65988 | Depths:2 | Found Sarek's Distillery.
 66091 | Depths:2 | Found Qulloeh's General Store.
 66109 | Depths:2 | Bought a potion of heal wounds for 85 gold pieces
 66475 | Depths:3 | Reached ***** piety under Jiyva
 66853 | Depths:3 | Found a one-way gate to the infinite horrors of the Abyss.
 66870 | Depths:4 | Entered Level 4 of the Depths
 67141 | Depths:4 | Reached skill level 10 in Evocations
 67272 | Depths:4 | Lost mutation: Your translucent skin slightly reduces your
                  | foes' accuracy. (Stealth+) [Jiyva's grace]
 67272 | Depths:4 | Gained mutation: Your muscles are very strong. (Str +8,
                  | Int/Dex -2) [Jiyva's grace]
 67272 | Depths:4 | Gained mutation: You are strong-willed. (Will+) [Jiyva's
                  | grace]
 67272 | Depths:4 | Gained mutation: You are highly strong-willed. (Will++)
                  | [Jiyva's grace]
 67272 | Depths:4 | Gained mutation: You are extremely strong-willed. (Will+++)
                  | [Jiyva's grace]
 67311 | Depths:4 | Found a one-way gateway to a ziggurat.
 67387 | Depths:4 | Found a gate to the Realm of Zot.
 67780 | Zot:1    | Entered Level 1 of the Realm of Zot
 68784 | Zot:2    | Reached ****** piety under Jiyva
 68826 | Zot:2    | Reached skill level 10 in Invocations
 68989 | Zot:2    | Reached XP level 26. HP: 141/141 MP: 31/31
 69639 | Slime:5  | Identified the amulet of Dalew {Reflect rElec Regen+ SH+5}
 69653 | Slime:5  | Identified the staff "Ving" {MP+9 Earth}
 69655 | Slime:5  | Got a slimy rune of Zot
 69656 | Slime:5  | Identified the ring "Uwep Ata" {Fire Will++ rCorr Dex+4}
 69660 | Slime:5  | Identified the +7 battleaxe of Keecutau {freeze, rElec
                  | rPois Str-4 Int+6}
 69662 | Slime:5  | Identified the staff "Hiuwnooc" {rF+ Str+2 Earth}
 69669 | Slime:5  | Identified the +1 rapier of Disharmony {heavy, Str+3}
 69673 | Slime:5  | Acquired 812 gold pieces
 70068 | Depths:2 | Bought a potion of haste for 180 gold pieces
 70068 | Depths:2 | Bought a potion of haste for 180 gold pieces
 70073 | Depths:2 | Learned a level 4 spell: Manifold Assault
 70161 | Depths:3 | Voluntarily entered the Abyss.
 70161 | Abyss:1  | Found a corrupted altar of Lugonu.
 70170 | Abyss:1  | Found a corrupted altar of Lugonu.
 70196 | Abyss:1  | Found a corrupted altar of Lugonu.
 70204 | Abyss:1  | Found a corrupted altar of Lugonu.
 70231 | Depths:3 | Escaped the Abyss
 70624 | Zot:2    | Lost mutation: You are extremely strong-willed. (Will+++)
                  | [Jiyva's grace]
 70624 | Zot:2    | Lost mutation: Your muscles are very strong. (Str +8,
                  | Int/Dex -2) [Jiyva's grace]
 70624 | Zot:2    | Gained mutation: Your melee attacks may engulf your foes in
                  | ooze. [Jiyva's grace]
 70624 | Zot:2    | Gained mutation: You are very agile. (Dex +8, Str/Int -2)
                  | [Jiyva's grace]
 70624 | Zot:2    | Gained mutation: You are partially covered in iridescent
                  | scales. (AC +2) [Jiyva's grace]
 70624 | Zot:2    | Gained mutation: You are mostly covered in iridescent
                  | scales. (AC +4) [Jiyva's grace]
 70875 | Zot:3    | Reached skill level 1 in Spellcasting
 71200 | Zot:3    | Reached skill level 5 in Spellcasting
 71315 | Zot:3    | Found the +4 dragonskin cloak
 71315 | Zot:3    | Noticed Tiamat
 71345 | Zot:3    | Killed Tiamat
 71693 | Zot:3    | Upgraded the game from 0.31-a0-774-g0d66cbabe8 to
                  | 0.31-a0-795-g5eb97db20b
 71696 | Zot:3    | Learned a level 2 spell: Wereblood
 72471 | Zot:4    | Reached skill level 15 in Translocations
 72476 | Zot:4    | Got a tattered book
 72598 | Zot:4    | Lost mutation: Your melee attacks may engulf your foes in
                  | ooze. [Jiyva's grace]
 72598 | Zot:4    | Gained mutation: Your flesh is heat resistant. (rF+)
                  | [Jiyva's grace]
 72598 | Zot:4    | Gained mutation: Your flesh is very heat resistant. (rF++)
                  | [Jiyva's grace]
 72598 | Zot:4    | Gained mutation: Your flesh is almost immune to the effects
                  | of heat. (rF+++) [Jiyva's grace]
 72598 | Zot:4    | Gained mutation: Your system is resistant to poisons.
                  | (rPois) [Jiyva's grace]
 72790 | Zot:4    | Learned a level 8 spell: Ignition
 72959 | Depths:3 | Voluntarily entered the Abyss.
 72960 | Abyss:1  | Found a corrupted altar of Lugonu.
 73069 | Abyss:1  | Found a corrupted altar of Lugonu.
 73195 | Abyss:1  | Found a corrupted altar of Lugonu.
 73195 | Abyss:1  | Found a corrupted altar of Lugonu.
 73195 | Abyss:1  | Found a corrupted altar of Lugonu.
 73357 | Abyss:1  | Found a corrupted altar of Lugonu.
 73469 | Abyss:1  | Found a corrupted altar of Lugonu.
 73477 | Abyss:1  | Found a corrupted altar of Lugonu.
 73599 | Abyss:1  | Found a corrupted altar of Lugonu.
 73649 | Abyss:1  | Found a corrupted altar of Lugonu.
 73807 | Abyss:1  | Found a corrupted altar of Lugonu.
 74062 | Abyss:1  | Lost mutation: You are mostly covered in iridescent scales.
                  | (AC +4) [Jiyva's grace]
 74062 | Abyss:1  | Lost mutation: Your flesh is almost immune to the effects
                  | of heat. (rF+++) [Jiyva's grace]
 74062 | Abyss:1  | Lost mutation: Your flesh is very heat resistant. (rF++)
                  | [Jiyva's grace]
 74062 | Abyss:1  | Lost mutation: You are highly strong-willed. (Will++)
                  | [Jiyva's grace]
 74062 | Abyss:1  | Lost mutation: Your spells are much harder to cast, but
                  | much more powerful. [Jiyva's grace]
 74062 | Abyss:1  | Gained mutation: Your muscles are very strong. (Str +8,
                  | Int/Dex -2) [Jiyva's grace]
 74062 | Abyss:1  | Gained mutation: You are mostly covered in iridescent
                  | scales. (AC +4) [Jiyva's grace]
 74062 | Abyss:1  | Gained mutation: You are completely covered in iridescent
                  | scales. (AC +6) [Jiyva's grace]
 74062 | Abyss:1  | Gained mutation: Your spells are much harder to cast, but
                  | much more powerful. [Jiyva's grace]
 74143 | Abyss:1  | Found a corrupted altar of Lugonu.
 74206 | Abyss:1  | Reached skill level 1 in Transmutations
 74261 | Abyss:1  | Reached skill level 10 in Spellcasting
 74404 | Abyss:1  | Reached XP level 27. HP: 145/145 MP: 19/38
 74683 | Abyss:1  | Noticed an ancient lich
 74689 | Abyss:1  | Killed an ancient lich
 74967 | Abyss:2  | Found a basalt altar of Yredelemnul.
 75025 | Abyss:2  | Found a corrupted altar of Lugonu.
 75312 | Abyss:2  | Noticed a dread lich
 75321 | Abyss:2  | Killed a dread lich
 75367 | Abyss:2  | Reached skill level 5 in Transmutations
 75664 | Abyss:2  | Paralysed by accursed screaming for 1 turns
 75668 | Abyss:2  | Paralysed by accursed screaming for 1 turns
 76144 | Abyss:2  | Noticed a dread lich
 76155 | Abyss:2  | Killed a dread lich
 76156 | Abyss:2  | Reached skill level 1 in Fire Magic
 76204 | Abyss:2  | Lost mutation: You are completely covered in iridescent
                  | scales. (AC +6) [Jiyva's grace]
 76204 | Abyss:2  | Lost mutation: Your flesh is heat resistant. (rF+) [Jiyva's
                  | grace]
 76204 | Abyss:2  | Lost mutation: Your spells are much harder to cast, but
                  | much more powerful. [Jiyva's grace]
 76204 | Abyss:2  | Gained mutation: Your mind is acute. (Int +4, Str/Dex -1)
                  | [Jiyva's grace]
 76204 | Abyss:2  | Gained mutation: Your mind is very acute. (Int +8, Str/Dex
                  | -2) [Jiyva's grace]
 76204 | Abyss:2  | Gained mutation: Your spells are much harder to cast, but
                  | much more powerful. [Jiyva's grace]
 76204 | Abyss:2  | Gained mutation: Your melee attacks may engulf your foes in
                  | ooze. [Jiyva's grace]
 76255 | Abyss:2  | Found a corrupted altar of Lugonu.
 76281 | Abyss:2  | Paralysed by accursed screaming for 1 turns
 76353 | Abyss:2  | Found a corrupted altar of Lugonu.
 76367 | Abyss:2  | Found a corrupted altar of Lugonu.
 76461 | Abyss:2  | Found a corrupted altar of Lugonu.
 76492 | Abyss:2  | Noticed a dread lich
 76497 | Abyss:2  | Killed a dread lich
 77055 | Abyss:2  | Lost mutation: You are mostly covered in iridescent scales.
                  | (AC +4) [Jiyva's grace]
 77055 | Abyss:2  | Lost mutation: You are partially covered in iridescent
                  | scales. (AC +2) [Jiyva's grace]
 77055 | Abyss:2  | Lost mutation: Your mind is very acute. (Int +8, Str/Dex
                  | -2) [Jiyva's grace]
 77055 | Abyss:2  | Lost mutation: Your mind is acute. (Int +4, Str/Dex -1)
                  | [Jiyva's grace]
 77055 | Abyss:2  | Lost mutation: Your muscles are very strong. (Str +8,
                  | Int/Dex -2) [Jiyva's grace]
 77055 | Abyss:2  | Lost mutation: Your muscles are strong. (Str +4, Int/Dex
                  | -1) [Jiyva's grace]
 77055 | Abyss:2  | Lost mutation: Your spells are much harder to cast, but
                  | much more powerful. [Jiyva's grace]
 77055 | Abyss:2  | Lost mutation: Your spells are harder to cast, but more
                  | powerful. [Jiyva's grace]
 77055 | Abyss:2  | Gained mutation: You are highly strong-willed. (Will++)
                  | [Jiyva's grace]
 77055 | Abyss:2  | Gained mutation: You are extremely strong-willed. (Will+++)
                  | [Jiyva's grace]
 77055 | Abyss:2  | Gained mutation: Your mind is acute. (Int +4, Str/Dex -1)
                  | [Jiyva's grace]
 77055 | Abyss:2  | Gained mutation: Your mind is very acute. (Int +8, Str/Dex
                  | -2) [Jiyva's grace]
 77407 | Abyss:2  | Reached skill level 5 in Fire Magic
 77503 | Abyss:2  | Found a corrupted altar of Lugonu.
 77599 | Abyss:2  | Paralysed by accursed screaming for 1 turns
 77845 | Abyss:3  | Reached skill level 15 in Spellcasting
 77857 | Abyss:3  | Found a glowing golden altar of the Shining One.
 77873 | Abyss:3  | Noticed a juggernaut
 77880 | Abyss:3  | Killed a juggernaut
 77901 | Abyss:3  | Got an abyssal rune of Zot
 77955 | Abyss:3  | Found a corrupted altar of Lugonu.
 77988 | Depths:3 | Escaped the Abyss
 77995 | Depths:3 | Learned a level 5 spell: Lee's Rapid Deconstruction
 78557 | Pan      | Entered Pandemonium
 78789 | Pan      | Found a runed translucent door.
 78796 | Pan      | Found a runed translucent door.
 78796 | Pan      | Found a runed translucent door.
 78806 | Pan      | Found a runed translucent door.
 78838 | Pan      | Identified the +8 quarterstaff of Slime {vamp, rPois rF+}
 78842 | Pan      | Noticed Apea the pandemonium lord
 78848 | Pan      | Killed Apea the pandemonium lord
 78859 | Pan      | Got a demonic rune of Zot
 78867 | Pan      | Gained mutation: You are weak. (Str -2) [a cacodemon]
 78868 | Pan      | Gained mutation: You are very weak. (Str -4) [a cacodemon]
 79302 | Pan      | Found an exit through the horrors of the Abyss.
 79331 | Pan      | Lost mutation: Your mind is very acute. (Int +8, Str/Dex
                  | -2) [Jiyva's grace]
 79331 | Pan      | Lost mutation: Your mind is acute. (Int +4, Str/Dex -1)
                  | [Jiyva's grace]
 79331 | Pan      | Lost mutation: You are very weak. (Str -4) [Jiyva's grace]
 79331 | Pan      | Lost mutation: You are weak. (Str -2) [Jiyva's grace]
 79331 | Pan      | Gained mutation: Armour fits poorly on your pseudopods.
                  | [Jiyva's grace]
 79331 | Pan      | Gained mutation: Armour fits poorly on your large
                  | pseudopods. [Jiyva's grace]
 79331 | Pan      | Gained mutation: Armour fits poorly on your massive
                  | pseudopods. [Jiyva's grace]
 79331 | Pan      | Gained mutation: You have a pair of small horns on your
                  | head. [Jiyva's grace]
 79959 | Pan      | Noticed Irysuaru the pandemonium lord
 79980 | Pan      | Killed Irysuaru the pandemonium lord
 80993 | Pan      | Noticed Qerch the pandemonium lord
 81011 | Pan      | Killed Qerch the pandemonium lord
 81081 | Pan      | Reached skill level 27 in Shapeshifting
 81425 | Pan      | Lost mutation: You are extremely strong-willed. (Will+++)
                  | [Jiyva's grace]
 81425 | Pan      | Lost mutation: You are highly strong-willed. (Will++)
                  | [Jiyva's grace]
 81425 | Pan      | Gained mutation: Your natural rate of healing is unusually
                  | fast. [Jiyva's grace]
 81425 | Pan      | Gained mutation: You heal very quickly. [Jiyva's grace]
 81425 | Pan      | Gained mutation: You regenerate. [Jiyva's grace]
 81425 | Pan      | Gained mutation: You are somewhat resistant to further
                  | mutation. [Jiyva's grace]
 81451 | Pan      | Identified the +5 shortbow of the Dwarven Hall {elec, rF+
                  | Str-4 Dex+5}
 81905 | Pan      | Entered the realm of Mnoleg.
 82475 | Pan      | Found an exit through the horrors of the Abyss.
 82532 | Pan      | Gained mutation: You occasionally shout uncontrollably at
                  | your foes. [a cacodemon]
 82675 | Pan      | Gained mutation: You are vulnerable to heat. (rF-) [a
                  | cacodemon]
 82677 | Pan      | Noticed Mnoleg
 82694 | Pan      | Killed Mnoleg
 82718 | Pan      | Got a glowing rune of Zot
 83068 | Pan      | Reached skill level 27 in Dodging
 83104 | Pan      | Found a runed translucent door.
 83179 | Pan      | Noticed Eqisots the pandemonium lord
 83193 | Pan      | Killed Eqisots the pandemonium lord
 83538 | Pan      | Lost mutation: You are very agile. (Dex +8, Str/Int -2)
                  | [Jiyva's grace]
 83538 | Pan      | Lost mutation: You are somewhat resistant to further
                  | mutation. [Jiyva's grace]
 83538 | Pan      | Lost mutation: Your spells are a little harder to cast, but
                  | a little more powerful. [Jiyva's grace]
 83538 | Pan      | Lost mutation: Your melee attacks may engulf your foes in
                  | ooze. [Jiyva's grace]
 83538 | Pan      | Gained mutation: You are partially covered in iridescent
                  | scales. (AC +2) [Jiyva's grace]
 83538 | Pan      | Gained mutation: You are mostly covered in iridescent
                  | scales. (AC +4) [Jiyva's grace]
 83538 | Pan      | Gained mutation: You are completely covered in iridescent
                  | scales. (AC +6) [Jiyva's grace]
 83538 | Pan      | Gained mutation: Your muscles are strong. (Str +4, Int/Dex
                  | -1) [Jiyva's grace]
 84082 | Pan      | Noticed Alefycos the pandemonium lord
 84092 | Pan      | Killed Alefycos the pandemonium lord
 84471 | Pan      | Found an exit through the horrors of the Abyss.
 84729 | Pan      | Found an exit through the horrors of the Abyss.
 84780 | Pan      | Noticed Hiclew the pandemonium lord
 84790 | Pan      | Killed Hiclew the pandemonium lord
 84797 | Pan      | Mangled by a reaper
 85071 | Pan      | Lost mutation: You are completely covered in iridescent
                  | scales. (AC +6) [Jiyva's grace]
 85071 | Pan      | Lost mutation: You occasionally shout uncontrollably at
                  | your foes. [Jiyva's grace]
 85071 | Pan      | Lost mutation: Armour fits poorly on your massive
                  | pseudopods. [Jiyva's grace]
 85071 | Pan      | Gained mutation: You expend magic power (3 MP) to
                  | strengthen your wands. [Jiyva's grace]
 85071 | Pan      | Gained mutation: You are completely covered in iridescent
                  | scales. (AC +6) [Jiyva's grace]
 85071 | Pan      | Gained mutation: Your spells are a little harder to cast,
                  | but a little more powerful. [Jiyva's grace]
 85071 | Pan      | Gained mutation: Your spells are harder to cast, but more
                  | powerful. [Jiyva's grace]
 85083 | Pan      | Identified the +0 dagger "Lanois" {vamp, Will+}
 85211 | Pan      | Learned a level 8 spell: Maxwell's Capacitive Coupling
 85496 | Pan      | Reached skill level 27 in Unarmed Combat
 85958 | Pan      | Noticed Votheont the pandemonium lord
 85979 | Pan      | Killed Votheont the pandemonium lord
 86181 | Pan      | Found an exit through the horrors of the Abyss.
 86731 | Pan      | Noticed Guwetroa the pandemonium lord
 86745 | Pan      | Killed Guwetroa the pandemonium lord
 86952 | Pan      | Gained mutation: You occasionally shout uncontrollably at
                  | your foes. [a cacodemon]
 87035 | Pan      | Lost mutation: You are completely covered in iridescent
                  | scales. (AC +6) [Jiyva's grace]
 87035 | Pan      | Lost mutation: You regenerate. [Jiyva's grace]
 87035 | Pan      | Lost mutation: You occasionally shout uncontrollably at
                  | your foes. [Jiyva's grace]
 87035 | Pan      | Lost mutation: Armour fits poorly on your large pseudopods.
                  | [Jiyva's grace]
 87035 | Pan      | Lost mutation: You are vulnerable to heat. (rF-) [Jiyva's
                  | grace]
 87035 | Pan      | Gained mutation: You have a small jelly attached to you
                  | that senses nearby items. [Jiyva's grace]
 87035 | Pan      | Gained mutation: Your spells are much harder to cast, but
                  | much more powerful. [Jiyva's grace]
 87035 | Pan      | Gained mutation: Your rubbery body absorbs attacks. (AC +1,
                  | EV +1) [Jiyva's grace]
 87035 | Pan      | Gained mutation: Your pliable body absorbs attacks. (AC +2,
                  | EV +2) [Jiyva's grace]
 87674 | Pan      | Noticed Guomn the pandemonium lord
 87697 | Pan      | Killed Guomn the pandemonium lord
 87711 | Pan      | Reached skill level 27 in Fighting
 88465 | Pan      | Lost mutation: Your system is resistant to poisons. (rPois)
                  | [Jiyva's grace]
 88465 | Pan      | Lost mutation: Your pliable body absorbs attacks. (AC +2,
                  | EV +2) [Jiyva's grace]
 88465 | Pan      | Lost mutation: Armour fits poorly on your pseudopods.
                  | [Jiyva's grace]
 88465 | Pan      | Gained mutation: You have a pair of horns on your head.
                  | [Jiyva's grace]
 88465 | Pan      | Gained mutation: You have a pair of large horns on your
                  | head. [Jiyva's grace]
 88465 | Pan      | Gained mutation: You have a small jelly attached to you
                  | that may absorb projectiles. [Jiyva's grace]
 88465 | Pan      | Gained mutation: You are completely covered in iridescent
                  | scales. (AC +6) [Jiyva's grace]
 88489 | Pan      | Gained mutation: You are frail. (-10% HP) [a cacodemon]
 88769 | Pan      | HP: 1/134 [smoke demon/divine providence (14)]
 88770 | Pan      | Killed from afar by a smoke demon
 88898 | Pan      | Noticed Moitu the pandemonium lord
 88901 | Pan      | Killed Moitu the pandemonium lord
 89419 | Pan      | Found an exit through the horrors of the Abyss.
 89707 | Pan      | Took an exit into the Abyss.
 89707 | Abyss:3  | Escaped into the Abyss
 89878 | Abyss:3  | Gained mutation: You occasionally lose the ability to read
                  | scrolls when taking damage. [a neqoxec]
 90019 | Depths:2 | Escaped the Abyss
 90178 | Zot:5    | Entered Level 5 of the Realm of Zot
 90179 | Zot:5    | Noticed an orb of fire
 90188 | Zot:5    | Killed an orb of fire
 90729 | Zot:5    | Noticed an orb of fire
 90736 | Zot:5    | Lost mutation: Your muscles are strong. (Str +4, Int/Dex
                  | -1) [an orb of fire]
 90737 | Zot:5    | Lost mutation: You are agile. (Dex +4, Str/Int -1) [an orb
                  | of fire]
 90754 | Zot:5    | Killed an orb of fire
 90831 | Zot:5    | Noticed an orb of fire
 90831 | Zot:5    | Noticed an orb of fire
 90833 | Zot:5    | Gained mutation: Your body sometimes deteriorates upon
                  | taking damage. [an orb of fire]
 90833 | Zot:5    | Noticed an ancient lich
 90835 | Zot:5    | Gained mutation: You occasionally shout uncontrollably at
                  | your foes. [an orb of fire]
 90836 | Zot:5    | Gained mutation: You are dopey. (Int -2) [an orb of fire]
 90840 | Zot:5    | Noticed an orb of fire
 90844 | Zot:5    | Gained mutation: You occasionally lose the ability to drink
                  | potions when taking damage. [an orb of fire]
 90850 | Zot:5    | Killed an orb of fire
 90851 | Zot:5    | Noticed an ancient lich
 90853 | Zot:5    | Killed an ancient lich
 90854 | Zot:5    | Noticed an orb of fire
 90860 | Zot:5    | Gained mutation: You sometimes lose your temper in combat.
                  | [an orb of fire]
 90863 | Zot:5    | Killed an orb of fire
 90864 | Zot:5    | Killed an orb of fire
 90868 | Zot:5    | Killed an orb of fire
 90869 | Zot:5    | Noticed an orb of fire
 90873 | Zot:5    | Noticed a dread lich
 90878 | Zot:5    | Killed an ancient lich
 90891 | Zot:5    | Killed an orb of fire
 90898 | Zot:5    | Killed a dread lich
 91067 | Zot:5    | Noticed an ancient lich
 91107 | Zot:5    | Killed an ancient lich
 91443 | Zot:5    | Got the Orb of Zot
 91680 | Depths:2 | Noticed Aneenayg the pandemonium lord
 91690 | Depths:1 | Killed Aneenayg the pandemonium lord
 91691 | Depths:1 | Reached skill level 1 in Air Magic
 91974 | D:3      | Noticed Exuahazu the pandemonium lord
 91984 | D:3      | Killed Exuahazu the pandemonium lord
 92054 | D:$      | Escaped with the Orb!

Illustrated notes

Levels and vault maps discovered:
D:1:      heliophobic_arrival_ceremonial_halls, layout_rooms
D:2:      layout_rooms, dreamdust_ecumenical_altar_grove, minivault_25,
          amcnicky_mini_rare_corridor_liquid, roderic_roman_lattice
D:3:      layout_basic
D:4:      layout_gridville, fedhas_altar_decomposition, lemuel_tele_altar,
          nicolae_gozag_zags_fifth_avenue, kennysheep_mini_moat,
          columned_hall_lemuel, nicolae_shop_overcharged_wands, uniq_edmund,
          uniq_robin
D:5:      minmay_angry_zag, layout_rooms, mainiacjoe_overflow_large_starburst,
          st_stairs_7, uniq_sigmund
D:6:      layout_basic, nemelex_diamond_rough_becter, uniq_blork_the_orc
D:7:      layout_loops_corners, minmay_temple_entry_water_ring,
          nicolae_ossuary_entry_catacombs, uniq_jeremiah, uniq_joseph
D:8:      layout_basic, nicolae_overflow_crystal_walls, uniq_psyche
D:9:      layout_long_grid, nicolae_ru_great_annihilating_truth, orc_0_dummy,
          enter_bailey_5, lightli_minifort, uniq_harold
D:10:     layout_irregular_city, kennysheep_orc_sif_temple, slow_altar_2,
          kennysheep_little_box, nicolae_hepliaklqana_monster_ancestors
D:11:     layout_loops_corners, david_lair_shrubbed, gauntlet_entry_generic
D:12:     layout_roguey
D:13:     minmay_tile_spiral, layout_irregular_city
D:14:     layout_irregular_city, hellmonk_vaults_order_and_chaos,
          elyvilon_altar_3
D:15:     gammafunk_depths_entry_grave, layout_long_grid,
          dreamdust_mushroom_princess, minmay_alternating_orb, uniq_roxanne
Temple:   nicolae_temple_cloud_nine
Lair:1:   layout_small_grid, nicolae_quartered_pool_super
Lair:2:   layout_hall_layers, nicolae_swamp_entry_splash_gauntlet,
          serial_bayou_pond_b, serial_bayou_shore_b
Lair:3:   cheibrodos_lair_river_kwai, layout_cave_shapes,
          guppyfry_snake_entry_island, nicolae_volcano_entry_lava_flow,
          lemuel_fruit_fields
Lair:4:   layout_regular_city
Lair:5:   due_jungle_book, layout_layer_cave, minmay_slime_entry_pillars,
          small_statue_intersection, serial_bayou_ford_a, serial_bayou_crossing,
          infiniplex_staircase_pool, lemuel_fruit_tree, serial_bayou_shore_b,
          uniq_josephine, uniq_rupert
Swamp:1:  layout_basic_swamp, evilmike_swamp_ruin_house_4
Swamp:2:  layout_basic_swamp, nicolae_swamp_big_swirl
Swamp:3:  layout_falls_marsh, nicolae_swamp_orc_logging_accident, swamp_pool2
Swamp:4:  swamp_fiery, layout_basic_swamp, swamp_pool1
Snake:1:  layout_gridlike, nicolae_integral_box
Snake:2:  layout_chambers, nicolae_stop_n_shop_2, uniq_aizul, uniq_frances,
          uniq_azrael
Snake:3:  layout_cave_town, grunt_ministairs_6, minmay_shoptagon
Snake:4:  grunt_snake_rune_spirals, layout_onion_interference, serial_shops,
          bzr_entry_water
Slime:1:  layout_caves
Slime:2:  layout_caves
Slime:3:  layout_caves, uniq_dissolution
Slime:4:  layout_caves, basic_altar
Slime:5:  slime_pit_nicolae_royal_road_to_ruin
Orc:1:    layout_caves, mines2_david, uniq_snorg, uniq_erolcha, uniq_jorgrun
Orc:2:    st_orc_elflike, layout_caves, serial_shops, nicolae_shop_gaudy_bauble,
          basic_altar
Elf:1:    nicolae_elf_arrival_aired_out, layout_loops_corners,
          gammafunk_ghost_grave, hangedman_elf_disciples
Elf:2:    nicolae_elf_blades_crystal_corner, layout_loops_ring, uniq_norris,
          uniq_zenata
Elf:3:    grunt_elf_hall_diamonds, layout_loops_corners
Vaults:1: nicolae_vaults_mush_room, nicolae_vaults_offset_grid_hallway_3,
          v_misc_15, nicolae_vaults_diamond_2, nicolae_vaults_turnstiles,
          hangedman_vaults_nails, ontoclasm_vaults_shuriken,
          nicolae_vaults_closet_pinwheel_4, ontoclasm_vaults_ring_large,
          ontoclasm_vaults_gateway, nicolae_vaults_house_3,
          nicolae_vaults_little_squares_6, layout_vaults_ring
Vaults:2: gammafunk_ghost_fury_of_okawaru, minmay_crypt_entry_simple_statues,
          nicolae_vaults_sealed_display, vaults_dpeg_encased_lava,
          nicolae_vaults_hexular_roomagon, nicolae_vaults_trapezoid_lopsided_2,
          ontoclasm_vaults_fault, hangedman_vaults_trim, vaults_room_fours,
          vaults_room_fours, v_rooms_1, v_misc_3,
          nicolae_vaults_little_squares_5, layout_vaults_omnibox, serial_shops,
          shop
Vaults:3: nicolae_vaults_circle_grid_a, v_rooms_6, vaults_dpeg_ring,
          nicolae_vaults_angled_halls, nicolae_vaults_network_barrier,
          grunt_vaults_bifocal, nicolae_vaults_heart-shaped_vault,
          nicolae_vaults_cochlea, v_misc_24, v_rooms_5, layout_vaults_omnigrid,
          nicolae_trove_entry_path_of_doom, uniq_saint_roka
Vaults:4: nicolae_vaults_little_squares_1, nicolae_vaults_heart-shaped_vault,
          nicolae_vaults_windows_and_doors_thing, nicolae_vaults_sightless_eye,
          nicolae_vaults_off_center_swirl, v_misc_4,
          nicolae_vaults_lightning_bolt, vaults_standard_mumra_x,
          layout_vaults_big_room, serial_shops, shop
Vaults:5: serial_shops
Crypt:1:  layout_rooms, uniq_frederick, uniq_grunn, uniq_vv
Crypt:2:  layout_rooms, gammafunk_ghost_necromancy, nicolae_crypt_soggy_tomb,
          corexii_hall_statues_l
Crypt:3:  church_of_pain_bobbens, layout_chaotic_city,
          nicolae_tomb_entry_unfolded_pyramid_orthogonal, basic_altar,
          uniq_margery
Tomb:1
Tomb:2
Depths:1: layout_big_octagon, nicolae_hell_entry_big_baal_hell,
          biasface_ghost_demon_polymorph, minmay_misc_feat_secret_circle,
          bh_walls_and_bars
Depths:2: hangedman_screamer, layout_gridville, hell_entry,
          ebering_ghost_rock_garden, kiku_gazebo_garden_becter, pan_entry,
          nicolae_wooded_promenade, grunt_qazlal_clouds, minmay_staircase_bubble
Depths:3: grunt_twist_and_shout, layout_cave_pools, hell_entry,
          nrook_mini_vaults, abyss_entry, infiniplex_staircase_spiral_double
Depths:4: evilmike_zot_entry_diamond, layout_gridlike, enter_ziggurat_c,
          grunt_mini_vestibule, hangedman_decor_push
Zot:1:    layout_concentric_octagons
Zot:2:    kennysheep_oblong_rooms, layout_gridlike, st_stairs_6
Zot:3:    layout_twisted_circle, lemuel_golem_globe, uniq_tiamat
Zot:4:    layout_gridlike, hangedman_zot_decor_scrapings, hangedman_swamp_dais
Zot:5:    layout_misc_corridors

Skill      XL: |  1  2  3  4  5  6  7  8  9 10 11 12 13 14 15 16 17 18 19 20 21 22 23 24 25 26 27 |
---------------+----------------------------------------------------------------------------------+-----
Fighting       | 2 3 4 5 6 8 12 14 15 18 19 20 22 23 25 27 | 27.0
Dodging        | 3 5 6 9 11 12 15 17 18 19 20 23 25 27 | 27.0
Shapeshifting  | 5 8 9 12 15 16 18 19 20 21 23 24 25 27 | 27.0
Evocations     | 1 2 3 4 5 7 10 | 10.0
Unarmed Combat | 6 14 15 16 18 19 20 22 23 24 25 27 | 27.0
Translocations | 1 4 6 7 8 10 16 23 | 23.0
Invocations    | 5 10 | 10.0
Spellcasting   | 10 20 | 20.0
Transmutations | 2 6 |  6.0
Fire Magic     | 6 |  6.4
Air Magic      | 2 |  2.8

Action                     |  1- 3 |  4- 6 |  7- 9 | 10-12 | 13-15 | 16-18 | 19-21 | 22-24 | 25-27 || total
---------------------------+-------+-------+-------+-------+-------+-------+-------+-------+-------++-------
  Melee: Unarmed           |    75 |   102 |   232 |   811 |   934 |  1116 |  1037 |   890 |  3451 ||  8648
         Bite              |    11 |     7 |    37 |   148 |   124 |   160 |    70 |    26 |       ||   583
         Punch             |     2 |     2 |    10 |     2 |    85 |   143 |   166 |   161 |   562 ||  1133
   Cast: Passwall          |       |       |       |       |       |       |     2 |       |       ||     2
         Vhi's Electric Ch |       |       |       |       |       |       |       |     1 |     4 ||     5
         Manifold Assault  |       |       |       |       |       |       |       |       |   714 ||   714
 Invoke: Potion Petition   |       |       |       |       |     3 |       |     1 |       |       ||     4
         Call Merchant     |       |       |       |       |       |     3 |     1 |     1 |       ||     5
         Slimify           |       |       |       |       |       |       |       |       |     1 ||     1
         Oozemancy         |       |       |       |       |       |       |       |       |     1 ||     1
Ability: Blinkbolt         |       |       |       |       |       |       |    12 |    21 |    53 ||    86
         Siphon Essence    |       |       |       |       |       |       |       |     1 |       ||     1
  Evoke: Wand              |       |       |    30 |    69 |    25 |     5 |     9 |     1 |     1 ||   140
    Use: Scroll            |     3 |       |     8 |    13 |     4 |     5 |     8 |    13 |     2 ||    56
         Potion            |     1 |     5 |     5 |     6 |     7 |     8 |    14 |     4 |     3 ||    53
   Stab: Sleeping          |     5 |     1 |     5 |     1 |     4 |     1 |     1 |     3 |       ||    21
         Distracted        |       |       |     2 |     1 |    10 |    24 |    11 |     3 |    26 ||    77
         Paralysed         |       |       |       |     1 |       |       |       |       |       ||     1
         Invisible         |       |       |       |       |     4 |       |       |     2 |       ||     6
         Confused          |       |       |       |       |       |     2 |       |       |       ||     2
 Armour: Skin              |    17 |    34 |   145 |   212 |   369 |   585 |   337 |   180 |   308 ||  2187
  Dodge: Dodged            |    34 |    44 |   181 |   838 |  1663 |  2374 |  1511 |  1862 |  2936 || 11443
  Block: Other             |       |       |       |       |       |       |       |       |   325 ||   325
         Reflection        |       |       |       |       |       |       |       |       |     2 ||     2
   Form: Flux              |       |       |     1 |     1 |       |       |       |       |       ||     2
         Beast             |       |       |     1 |       |       |       |       |       |       ||     1
         Statue            |       |       |       |     1 |     2 |     1 |       |       |       ||     4
         Death             |       |       |       |       |     2 |       |       |     3 |       ||     5
         Storm             |       |       |       |       |       |     1 |     1 |     3 |       ||     5

Table legend: (Time is in decaauts)
 A = Elapsed time spent in this place.
 B = Non-inter-level travel time spent in this place.
 C = Inter-level travel time spent in this place.
 D = Time resting spent in this place.
 E = Time spent auto-exploring this place.
 F = Levels seen in this place.
 G = Mean time per level.
                   A        B        C        D        E       F      G
               +--------+--------+--------+--------+--------+-----+--------+
         Total | 101632 |  83982 |  17650 |  13380 |  32578 |  81 | 1254.7 |
       Dungeon |  22641 |  15975 |   6666 |   3060 |   6887 |  15 | 1509.4 |
        Temple |     18 |     16 |      2 |      0 |      0 |   1 |   18.0 |
          Lair |  11129 |   8451 |   2678 |   1618 |   3254 |   5 | 2225.8 |
         Swamp |   5470 |   4916 |    554 |    884 |   1824 |   4 | 1367.5 |
     Snake Pit |  10113 |   8663 |   1450 |   1645 |   2182 |   4 | 2528.2 |
    Slime Pits |   1204 |    887 |    317 |      0 |    648 |   5 |  240.8 |
  Orcish Mines |   4148 |   3146 |   1002 |   1006 |    652 |   2 | 2074.0 |
   Elven Halls |   6290 |   5696 |    594 |    930 |   1975 |   3 | 2096.7 |
        Vaults |  10138 |   7980 |   2158 |    834 |   3174 |   5 | 2027.6 |
         Crypt |   2807 |   2407 |    400 |    216 |   1118 |   3 |  935.7 |
          Tomb |   1221 |   1073 |    148 |     66 |      7 |   2 |  610.5 |
        Depths |   3895 |   2900 |    995 |     70 |   1747 |   4 |  973.8 |
           Zot |   5397 |   4716 |    681 |    713 |   2010 |   5 | 1079.4 |
         Abyss |   4877 |   4877 |      0 |    631 |   1779 |   6 |  812.8 |
   Pandemonium |  10519 |  10519 |      0 |   1299 |   5295 |  11 |  956.3 |
        Bazaar |    194 |    194 |      0 |    112 |      0 |   1 |  194.0 |
         Trove |     47 |     47 |      0 |      0 |      0 |   1 |   47.0 |
       Ossuary |    350 |    350 |      0 |      8 |     19 |   1 |  350.0 |
        Bailey |    408 |    408 |      0 |     82 |      4 |   1 |  408.0 |
       Volcano |    136 |    136 |      0 |      0 |      0 |   1 |  136.0 |
      Gauntlet |    622 |    622 |      0 |    201 |      0 |   1 |  622.0 |
               +--------+--------+--------+--------+--------+-----+--------+

Top non-repeatable levels by time:
  Lair:5: 3331 daAuts
 Snake:4: 3078 daAuts
Vaults:1: 2869 daAuts
   Orc:2: 2797 daAuts
 Snake:2: 2793 daAuts
    D:11: 2519 daAuts
  Lair:1: 2501 daAuts
   Elf:1: 2498 daAuts
 Abyss:2: 2459 daAuts
   Elf:2: 2374 daAuts
 Snake:3: 2320 daAuts
     D:9: 2236 daAuts
    D:14: 2117 daAuts
     D:4: 2059 daAuts
Vaults:4: 2014 daAuts
